 Dungeon Sprint DCSS version 0.16.1-28-gcc2312f (webtiles) character file.

3378 Kidiri the Thaumaturge (level 9, -2/45 HPs)
             Began as a Deep Elf Summoner on May 29, 2015.
             Was the Champion of Sif Muna.
             Slain by a demonic crawler (9 damage)
             ... in the Dungeon (Sprint I: "Red Sonja").
             The game lasted 00:22:39 (1863 turns).

Kidiri the Thaumaturge (Deep Elf Summoner)          Turns: 1863, Time: 00:22:39

Health: -2/45      AC:  4    Str:  5    XL:     9   Next: 74%
Magic:  1/32       EV: 11    Int: 24    God:    Sif Muna [******]
Gold:   524        SH:  0    Dex: 13    Spells: 10 memorised, 1 level left

rFire  . . .     SeeInvis .     h - +0 dagger
rCold  . . .     Clarity  .     o - +0 troll leather armour
rNeg   . . .     SustAb   .     (no shield)
rPois  .         Gourm    .     (no helmet)
rElec  .         Spirit   .     (no cloak)
rCorr  .         Warding  .     (no gloves)
rMut   .         NoTele   +     (no boots)
MR     .....                    (no amulet)
Stlth  ++........               (no ring)
                                (no ring)

@: very slightly contaminated, hasted, very quick, not resistant to hostile
enchantments, unstealthy
A: clumsy 1, screaming 1, forlorn, placid magic 1
a: Channel Energy, Forget Spell, Renounce Religion


You were in the Dungeon.
You worshipped Sif Muna.
Sif Muna was exalted by your worship.
You were not hungry.

You visited 1 branch You collected 754 gold pieces.
You spent 230 gold pieces at shops.

Inventory:

Hand weapons
 h - a +0 dagger (weapon)
Armour
 a - a +0 robe
 o - a +0 troll leather armour (worn)
Scrolls
 e - a scroll of recharging
 i - a scroll of remove curse
 k - 2 scrolls of identify
 q - a scroll of magic mapping {unknown}
Potions
 d - 2 potions of curing
Books
 b - a book of Callings

   Spells                             Type                      Level
   a - Summon Small Mammal            Summoning                    1
   b - Call Imp                       Summoning                    2
   c - Call Canine Familiar           Summoning                    3
   d - Summon Guardian Golem          Hexes/Summoning              4
   e - Summon Lightning Spire         Summoning/Air                4
   f - Summon Ice Beast               Ice/Summoning                4
 j - Lioshov's Almanac of Creative Enchantment
   (Sif Muna gifted it to you in the Dungeon)

   Spells                             Type                      Level
   a - Corona                         Hexes                        1
   b - Summon Small Mammal            Summoning                    1
   c - Spectral Weapon                Hexes/Charms                 3
   d - Enslavement                    Hexes                        4
   e - Summon Lightning Spire         Summoning/Air                4
   f - Malign Gateway                 Summoning/Translocation      7
 m - Sif Muna's Grimoire of Glacial Creation
   (Sif Muna gifted it to you in the Dungeon)

   Spells                             Type                      Level
   a - Freeze                         Ice                          1
   b - Summon Butterflies             Summoning                    1
   c - Throw Frost                    Conjuration/Ice              2
   d - Summon Hydra                   Summoning                    7
   e - Dragon's Call                  Summoning                    9
 n - a book of Summonings

   Spells                             Type                      Level
   a - Abjuration                     Summoning                    3
   b - Recall                         Summoning/Translocation      3
   c - Shadow Creatures               Summoning                    5
   d - Summon Demon                   Summoning                    5
   e - Summon Forest                  Summoning/Translocation      5
   f - Monstrous Menagerie            Summoning                    6
Comestibles
 c - 2 bread rations


   Skills:
 - Level 2.4 Dodging
 - Level 2.4 Stealth
 + Level 12.6 Spellcasting
 + Level 11.5 Hexes
 * Level 9.6 Charms
 + Level 11.4 Summonings
 + Level 10.9 Ice Magic
 + Level 10.2 Air Magic


You had one spell level left.
You knew the following spells:

 Your Spells              Type           Power        Failure   Level  Hunger
a - Summon Small Mammal   Summ           ####         0%          1    None
b - Call Imp              Summ           #####...     0%          2    None
c - Call Canine Familiar  Summ           #####...     1%          3    None
d - Summon Guardian Gole  Hex/Summ       #####...     1%          4    None
e - Summon Ice Beast      Ice/Summ       #####...     1%          4    None
f - Summon Lightning Spi  Summ/Air       #####...     1%          4    None
g - Corona                Hex            #####..      0%          1    None
h - Spectral Weapon       Hex/Chrm       #####...     1%          3    None
i - Enslavement           Hex            #####...     1%          4    None
j - Monstrous Menagerie   Summ           #####.....   5%          6    #####..


Dungeon Overview and Level Annotations

Branches:
Dungeon (1/1)

Altars:
Cheibriados
Dithmenos
Elyvilon
Fedhas
Gozag
Kikubaaqudgha
Makhleb
Nemelex Xobeh
Okawaru
Qazlal
Ru
Sif Muna
Trog
Vehumet
Xom
Yredelemnul
Zin
The Shining One
Jiyva

Shops:
D ?%*[%[[


Innate Abilities, Weirdness & Mutations

You are clumsy. (Dex -2)
You occasionally shout uncontrollably at your foes.
You have difficulty communicating with the divine.
Your spells are a little easier to cast, but a little less powerful.


Message History

Attack!
Drink which item? (? for menu, Esc to quit)
You feel much better. The demonic crawler hits you!
The demonic crawler completely misses you.
The demonic crawler hits you! What do you say? t - Shout!
Orders for allies: a - Attack new target. p - Attack previous target. r - Retreat! s - Stop attacking. w - Wait here. f - Follow me.
Anything else - Stay silent.
Gang up on whom?
Press: ? - help, Dir - move target cursor, f/p - demonic crawler
Aim: a demonic crawler (severely wounded, clinging) Attack!
The demonic crawler hits you!
* * * LOW HITPOINT WARNING * * *
The demonic crawler hits you.
* * * LOW HITPOINT WARNING * * *
The demonic crawler hits you!
You die...

###################
#<.#.Y'..#..'..#__#
#..)..#.§§..#..'s.'
#.Y#####'#####'#__#
#Y8####..#...#.####
#.s#__####..##§#§≈≈
#.@#_..__##'#.§§§§§
#⌠⌠#_.∩..('(.._#§≈§
####_..._##_.#'##(#
#_____###'#.#((.
############.####'#
#∩........'...'..()
###''''####...#####
#.......####.##
#........# #+#


You could see a demonic crawler, a friendly guardian golem (inner flame) and 2
friendly ice beasts.

Vanquished Creatures
  Ijyb (D)
1 creature vanquished.

Vanquished Creatures (collateral kills)
  2 centaur warriors (D)
  A deep troll (D)
  A lindwurm (D)
  8 shining eyes (D)
  2 kobold demonologists (D)
  3 demonic crawlers (D)
  A slime creature (D)
  An ice beast (D)
  A yak (D)
  A wasp (D)
  An ogre (D)
  Sigmund (D)
  A jelly (D)
  5 giant eyeballs (D)
29 creatures vanquished.

Vanquished Creatures (others)
  A harpy (D)
  A gargoyle (D)
  A guardian golem (D)
  Sonja (D)
  5 ice beasts (D)
  A lightning spire (D)
  5 crimson imps (D)
  A hound (D)
  2 bats (D)
  A quokka (D)
  2 rats (D)
21 creatures vanquished.

Grand Total: 51 creatures vanquished

Notes
Turn   | Place    | Note
--------------------------------------------------------------
     0 | D        | Kidiri, the Deep Elf Summoner, began the quest for the Orb.
     0 | D        | Reached XP level 1. HP: 10/10 MP: 5/5
     7 | D        | Noticed Ijyb
    24 | D        | Killed Ijyb
    24 | D        | Reached skill level 5 in Spellcasting
    24 | D        | Reached skill level 5 in Summonings
    24 | D        | Reached XP level 2. HP: 15/15 MP: 1/11
    92 | D        | Learned a level 2 spell: Call Imp
    97 | D        | Noticed an ogre
   129 | D        | Killed an ogre
   129 | D        | Reached skill level 7 in Spellcasting
   129 | D        | Reached XP level 3. HP: 3/19 MP: 6/17
   134 | D        | Learned a level 3 spell: Call Canine Familiar
   407 | D        | Noticed Sigmund
   452 | D        | Killed Sigmund
   452 | D        | Reached skill level 8 in Spellcasting
   452 | D        | Reached XP level 4. HP: 24/24 MP: 1/21
   458 | D        | Learned a level 4 spell: Summon Guardian Golem
   463 | D        | Learned a level 4 spell: Summon Ice Beast
   468 | D        | Learned a level 4 spell: Summon Lightning Spire
   594 | D        | Found a deep blue altar of Sif Muna.
   595 | D        | Noticed a jelly
   596 | D        | Found a radiant altar of Vehumet.
   601 | D        | Became a worshipper of Sif Muna the Loreminder
   603 | D        | Killed a jelly
   751 | D        | Found Kleorec's Armour Emporium.
   751 | D        | Found a white marble altar of Elyvilon.
   751 | D        | Found a burning altar of Makhleb.
   751 | D        | Found a sacrificial altar of Ru.
   751 | D        | Found a glowing golden altar of the Shining One.
   751 | D        | Found an opulent altar of Gozag.
   751 | D        | Found a glowing silver altar of Zin.
   751 | D        | Noticed a yak
   756 | D        | Killed a yak
   756 | D        | Acquired Sif Muna's first power
   756 | D        | Reached skill level 9 in Spellcasting
   756 | D        | Reached XP level 5. HP: 28/28 MP: 3/23
   758 | D        | Found a stormy altar of Qazlal.
   758 | D        | Found a basalt altar of Yredelemnul.
   758 | D        | Found an iron altar of Okawaru.
   758 | D        | Found a sparkling altar of Nemelex Xobeh.
   758 | D        | Found a shimmering altar of Xom.
   758 | D        | Found an ancient bone altar of Kikubaaqudgha.
   759 | D        | Found a bloodstained altar of Trog.
   874 | D        | Noticed Sonja
   925 | D        | Found Wasoavor's Magic Scroll Boutique.
   934 | D        | Bought a scroll of identify for 20 gold pieces
   934 | D        | Bought a scroll of identify for 20 gold pieces
   934 | D        | Bought a scroll of identify for 20 gold pieces
   934 | D        | Bought a scroll of identify for 20 gold pieces
   934 | D        | Bought a scroll of blinking for 75 gold pieces
   988 | D        | Noticed a shining eye
   988 | D        | Noticed a shining eye
   988 | D        | Noticed a shining eye
   988 | D        | Noticed a shining eye
   988 | D        | Noticed a shining eye
   988 | D        | Noticed a shining eye
   989 | D        | Paralysed by a giant eyeball for 4 turns
   994 | D        | Paralysed by a giant eyeball for 3 turns
  1001 | D        | Paralysed by a giant eyeball for 3 turns
  1003 | D        | Killed a shining eye
  1003 | D        | Acquired Sif Muna's second power
  1003 | D        | Reached skill level 5 in Ice Magic
  1003 | D        | Reached skill level 5 in Air Magic
  1003 | D        | Reached XP level 6. HP: 30/32 MP: 3/25
  1006 | D        | Killed a shining eye
  1006 | D        | Acquired Sif Muna's third power
  1006 | D        | Reached skill level 10 in Spellcasting
  1006 | D        | Reached XP level 7. HP: 33/36 MP: 3/28
  1007 | D        | Killed a shining eye
  1007 | D        | Received a gift from Sif Muna
  1008 | D        | Identified Lioshov's Almanac of Creative Enchantment (Sif Muna gifted it to you in the Dungeon)
  1011 | D        | Gained mutation: You have difficulty communicating with the divine. [a shining eye]
  1021 | D        | Gained mutation: Your spells are a little easier to cast, but a little less powerful. [a shining eye]
  1024 | D        | Gained mutation: You are clumsy. (Dex -2) [a shining eye]
  1032 | D        | Killed a shining eye
  1032 | D        | Reached skill level 11 in Spellcasting
  1032 | D        | Reached skill level 10 in Summonings
  1032 | D        | Paralysed by a giant eyeball for 3 turns
  1154 | D        | Paralysed by a giant eyeball for 2 turns
  1164 | D        | Killed a shining eye
  1164 | D        | Reached XP level 8. HP: 41/41 MP: 24/30
  1168 | D        | Learned a level 1 spell: Corona
  1172 | D        | Learned a level 3 spell: Spectral Weapon
  1177 | D        | Learned a level 4 spell: Enslavement
  1209 | D        | Killed a shining eye
  1209 | D        | Reached skill level 10 in Hexes
  1210 | D        | Noticed a shining eye
  1211 | D        | Paralysed by a giant eyeball for 3 turns
  1215 | D        | Killed a shining eye
  1215 | D        | Received a gift from Sif Muna
  1216 | D        | Identified Sif Muna's Grimoire of Glacial Creation (Sif Muna gifted it to you in the Dungeon)
  1220 | D        | Noticed a shining eye
  1224 | D        | Gained mutation: You occasionally shout uncontrollably at your foes. [a shining eye]
  1227 | D        | Killed a shining eye
  1234 | D        | Found Xyhiucyob's Food Shoppe.
  1234 | D        | Found Diabom's Food Shop.
  1234 | D        | Found Veumaobb's General Store.
  1234 | D        | Found Guntoole's Antique Armour Boutique.
  1277 | D        | Noticed a deep troll
  1287 | D        | Killed a deep troll
  1287 | D        | Reached XP level 9. HP: 45/45 MP: 21/31
  1298 | D        | Killed a gargoyle
  1319 | D        | Bought a scroll of enchant armour for 75 gold pieces
  1322 | D        | Killed Sonja
  1342 | D        | Found Kloimoy's Armour Emporium.
  1375 | D        | Noticed a centaur warrior
  1375 | D        | Noticed a centaur warrior
  1381 | D        | Killed a centaur warrior
  1381 | D        | Reached skill level 12 in Spellcasting
  1381 | D        | Reached skill level 10 in Ice Magic
  1424 | D        | Killed a centaur warrior
  1532 | D        | Noticed a wasp
  1545 | D        | Killed a wasp
  1578 | D        | Found a snail-covered altar of Cheibriados.
  1578 | D        | Found a shadowy altar of Dithmenos.
  1578 | D        | Noticed a slime creature
  1580 | D        | Found a viscous altar of Jiyva.
  1580 | D        | Found a blossoming altar of Fedhas.
  1584 | D        | Killed a slime creature
  1584 | D        | Received a gift from Sif Muna
  1584 | D        | Reached skill level 10 in Air Magic
  1593 | D        | Learned a level 6 spell: Monstrous Menagerie
  1729 | D        | Noticed a kobold demonologist
  1732 | D        | Noticed a kobold demonologist
  1735 | D        | Killed a kobold demonologist
  1738 | D        | Killed a kobold demonologist
  1813 | D        | Noticed a demonic crawler
  1813 | D        | Noticed a demonic crawler
  1813 | D        | Noticed a demonic crawler
  1813 | D        | Noticed a demonic crawler
  1820 | D        | Killed a demonic crawler
  1839 | D        | Killed a demonic crawler
  1844 | D        | Killed a demonic crawler
  1863 | D        | Slain by a demonic crawler

Action                   |  1- 3 |  4- 6 |  7- 9 || total
-------------------------+-------+-------+-------++-------
Melee: Unarmed           |     4 |       |       ||     4
       Dagger            |       |       |     2 ||     2
 Cast: Summon Small Mamm |     7 |       |     1 ||     8
       Call Imp          |    18 |       |       ||    18
       Call Canine Famil |     2 |       |     2 ||     4
       Summon Ice Beast  |       |     9 |    22 ||    31
       Summon Lightning  |       |     3 |     7 ||    10
       Summon Guardian G |       |     2 |     3 ||     5
       Monstrous Menager |       |       |     3 ||     3
       Enslavement       |       |       |     1 ||     1
  Use: Potion            |     3 |       |     3 ||     6
       Scroll            |     1 |       |     4 ||     5
 Stab: Distracted        |     1 |       |       ||     1
  Eat: Chunk             |       |     1 |       ||     1
       Bread ration      |       |       |     1 ||     1
